 Dungeon Crawl Stone Soup version 0.25.1-8-g42b30a86e7 (webtiles) character file.

Game seed: 10139752361586901378

1333 Gabide the Cutter (level 8, 0/61 HPs)
             Began as a Human Abyssal Knight on Nov 30, 2020.
             Was a Priest of Lugonu.
             Slain by a slave (3 damage)
             ... led by Pikel
             ... on level 6 of the Dungeon.
             The game lasted 00:14:50 (5678 turns).

Gabide the Cutter (Human Abyssal Knight)            Turns: 5678, Time: 00:14:51

Health: 0/61       AC:  6    Str: 14    XL:     8   Next: 92%
Magic:  9/10       EV: 13    Int: 12    God:    Lugonu [***...]
Gold:   314        SH:  0    Dex: 14    Spells: 7/7 levels left

rFire    . . .     SeeInvis .   i - +0 lajatang
rCold    . . .     Gourm    .   (shield currently unavailable)
rNeg     . . .     Faith    .   b - +0 leather armour
rPois    .         Spirit   .   (no helmet)
rElec    .         Reflect  .   g - +2 cloak
rCorr    .         Harm     .   (no gloves)
MR       .....                  (no boots)
Stlth    ++........             (no amulet)
HPRegen  0.20/turn              (no ring)
MPRegen  0.12/turn              (no ring)

@: hasted, very quick
A: no striking features
a: Depart the Abyss, Bend Space, Banish, Renounce Religion


You were on level 6 of the Dungeon.
You worshipped Lugonu.
Lugonu was most pleased with you.
You were not hungry.

You visited 1 branch of the dungeon, and saw 6 of its levels.
You visited the Abyss 1 time.

You collected 314 gold pieces.

Inventory:

Hand Weapons
 a - a +1 spear
 e - a +4 dagger of distortion
 i - a +0 lajatang (weapon)
Missiles
 j - 52 poisoned darts (quivered)
Armour
 b - a +0 leather armour (worn)
 g - a +2 cloak (worn)
Jewellery
 v - an uncursed ring of protection from magic {unknown}
Wands
 o - a wand of polymorph (16)
Scrolls
 d - 3 scrolls of remove curse
 h - 4 scrolls of teleportation
 t - a scroll of brand weapon {unknown}
Potions
 f - 2 potions of degeneration {unknown}
 l - 2 potions of flight
 n - a potion of invisibility {unknown}
 p - a potion of stabbing {unknown}
 q - 2 potions of mutation {unknown}
 s - a potion of resistance {unknown}
 u - a potion of might
Comestibles
 c - 11 rations


   Skills:
 + Level 4.6 Fighting
 - Level 6.7 Short Blades
 - Level 2.0(2.1) Polearms
 * Level 1.2(1.8) Staves
 - Level 0.6 Throwing
 - Level 2.0 Armour
 * Level 3.5 Dodging
 - Level 4.1 Stealth
   Level 1.7 Shields
 - Level 0.4 Unarmed Combat
 + Level 3.3 Invocations


You had 7 spell levels left.
You didn't know any spells.
Your spell library contained the following spells:

 Spells                   Type           Power        Failure   Level  Hunger
 Beastly Appendage        Tmut           #.....       38%         1    ##.....
 Sticks to Snakes         Tmut           #.......     52%         2    ###....
 Spider Form              Tmut/Pois      #.........   77%         3    ####...
 Ice Form                 Ice/Tmut       #.......     99%         4    #####..
 Blade Hands              Tmut           #.........   100%        5    ######.


Dungeon Overview and Level Annotations

Branches:
Dungeon (6/15)
 Temple: D:4-7

Altars:
Wu Jian

Annotations:
D:6 Pikel
Abyss:1 Grinder


Message History

You hit Pikel but do no damage. Pikel hits you but does no damage.
You closely miss Pikel.
Pikel hits you with a +2 whip of freezing!
* * * LOW HITPOINT WARNING * * *
Pikel freezes you.
* * * LOW HITPOINT WARNING * * *
You feel better. Pikel misses you.
You feel yourself speed up. Pikel closely misses you.
You closely miss Pikel. Pikel closely misses you.
You hit Pikel.
Pikel is lightly wounded.
Pikel hits you with a +2 whip of freezing!
* * * LOW HITPOINT WARNING * * *
Pikel freezes you.
* * * LOW HITPOINT WARNING * * *
A slave comes into view.
Space bends around you!
You blink.
The slave shouts!
The slave is no longer blind.
The slave hits you.
You die...

#.#.#...# #.#.#...# #
#.......###. ##
###.###.#.... .#
........###..####.#
#.#####..#......#.#
.........+......#.# #
#.######.#......#.#..#
#.# #.#......@pp?.# ..#
#.#......#p#.## ###
#.#......#p#
########.#......#K#
...............##ยง#
....####.##...###.# #
....####.##.......#.#
....................####
....#####.#............#


You could see Pikel and 4 slaves.

Vanquished Creatures
  3 ogres
  A centaur (D:6)
  A scorpion (D:6)
  A howler monkey (D:5)
  A crimson imp (D:6)
  A bullfrog zombie (D:5)
  4 hounds
  An orc wizard (D:3)
  A bullfrog skeleton (D:5)
  An orc priest (D:4)
  Terence (D:2)
  Natasha (thrice) (D:2)
  3 worker ants (D:4)
  4 gnolls (D:4)
  7 adders
  An adder zombie (D:5)
  2 worms
  A dart slug (D:3)
  7 leopard geckos
  10 orcs
  A ball python (D:1)
  4 giant cockroaches
  6 goblins
  3 hobgoblins
  8 jackals
  6 kobolds
  9 bats
  3 frilled lizards
  A jackal skeleton (D:6)
  3 leopard gecko skeletons
  2 quokka skeletons
  10 rats
110 creatures vanquished.

Vanquished Creatures (others)
  A sky beast (D:5)
  A centaur (D:6)
  A gnoll shaman (D:4)
  A hound (D:4)
  A gnoll (D:4)
  An adder (D:2)
  A worm (D:3)
  A dart slug (D:1)
  A jackal (D:2)
9 creatures vanquished.

Grand Total: 119 creatures vanquished

Notes
Turn   | Place    | Note
-------+----------+-------------------------------------------
     0 | Abyss:1  | Gabide the Human Abyssal Knight began the quest for the
                  | Orb.
     0 | Abyss:1  | Reached XP level 1. HP: 18/18 MP: 2/2
     0 | Abyss:1  | Found a corrupted altar of Lugonu.
    10 | Abyss:1  | Noticed a rust devil
    11 | D:1      | Escaped the Abyss
   263 | D:1      | Reached XP level 2. HP: 22/24 MP: 3/3
   330 | D:1      | Reached * piety under Lugonu
   664 | D:2      | Found a faded altar of an unknown god.
   671 | D:2      | Reached skill level 1 in Short Blades
   671 | D:2      | Reached skill level 1 in Stealth
   671 | D:2      | Reached XP level 3. HP: 24/29 MP: 4/4
  1241 | D:2      | Found an ornate altar of the Wu Jian Council.
  1264 | D:2      | Reached XP level 4. HP: 28/36 MP: 5/5
  1760 | D:2      | Noticed Terence
  1782 | D:2      | Killed Terence
  1782 | D:2      | Reached skill level 2 in Short Blades
  1782 | D:2      | Reached XP level 5. HP: 31/42 MP: 6/6
  1904 | D:2      | Noticed Natasha
  1912 | D:2      | Killed Natasha
  1954 | D:2      | Noticed Natasha
  1958 | D:2      | Killed Natasha
  1992 | D:2      | Noticed Natasha
  2007 | D:2      | Killed Natasha
  2007 | D:2      | Reached skill level 3 in Short Blades
  2266 | D:3      | Reached XP level 6. HP: 42/48 MP: 7/7
  2276 | D:3      | Reached ** piety under Lugonu
  2399 | D:3      | Noticed an ogre
  2418 | D:3      | Killed an ogre
  2418 | D:3      | Reached skill level 4 in Short Blades
  2907 | D:4      | Reached XP level 7. HP: 54/54 MP: 8/8
  3064 | D:4      | Reached skill level 5 in Short Blades
  3703 | D:4      | Reached *** piety under Lugonu
  4137 | D:5      | Entered Level 5 of the Dungeon
  4174 | D:5      | Reached XP level 8. HP: 56/60 MP: 10/10
  4206 | D:5      | Reached skill level 6 in Short Blades
  4213 | D:5      | Noticed Grinder
  4223 | D:5      | Banished Grinder
  4223 | D:5      | Reached skill level 1 in Shields
  5098 | D:6      | HP: 1/61 [centaur/arrow (7)]
  5104 | D:6      | HP: 1/61 [centaur/arrow (8)]
  5106 | D:6      | Reached skill level 1 in Staves
  5654 | D:6      | Noticed Pikel
  5678 | D:6      | Slain by a slave

Illustrated notes

Levels and vault maps discovered:
D:1:      nicolae_arrival_memento_mori, layout_rooms
D:2:      layout_basic, lemuel_coloured_pillars_altar,
          chequers_ecumenical_altar_simple, chequers_hall_statues_y,
          uniq_terence, uniq_natasha
D:3:      layout_basic, first_ration, corexii_corridor_pit
D:4:      layout_loops_ring
D:5:      layout_basic, uniq_grinder
D:6:      layout_basic, kb_lookout_dungeons_type, uniq_pikel

Skill      XL: |  1  2  3  4  5  6  7  8 |
---------------+-------------------------+-----
Short Blades   | 1 2 3 4 5 6 |  6.7
Stealth        | 1 2 3 4 |  4.1
Fighting       | 4 |  4.6
Dodging        | 2 3 |  3.5
Shields        | 1 |  1.7
Invocations    | 3 |  3.3
Staves         | 1 |  1.2
Polearms       | |  2.0
Throwing       | |  0.6
Armour         | |  2.0
Unarmed Combat | |  0.4

Action                   |  1- 3 |  4- 6 |  7- 9 || total
-------------------------+-------+-------+-------++-------
Melee: Spear             |    13 |       |       ||    13
       Dagger            |    65 |    85 |   120 ||   270
       Unarmed           |       |     6 |       ||     6
       Punch             |       |       |     1 ||     1
       Lajatang          |       |       |    28 ||    28
Throw: Dart              |       |    20 |    43 ||    63
Invok: Depart the Abyss  |     1 |       |       ||     1
       Bend Space        |       |     1 |     8 ||     9
       Banish            |       |       |     1 ||     1
  Use: Scroll            |     4 |     6 |     3 ||    13
       Potion            |       |       |     8 ||     8
 Stab: Sleeping          |       |     3 |     2 ||     5
       Invisible         |       |       |     1 ||     1
  Eat: Chunk             |     1 |     5 |     7 ||    13
       Ration            |       |       |     1 ||     1
Armor: Leather armour    |    30 |    20 |    28 ||    78
Dodge: Dodged            |    46 |    46 |    80 ||   172
Block: Buckler           |       |       |     8 ||     8
